 Dungeon Crawl Stone Soup version 0.30.1-6-gbe392663c4 (webtiles) character file.

Game seed: 16825302848630640220

270 wingedge the Digger (level 5, -7/40 HPs)
             Began as a Demigod Earth Elementalist on Sept 21, 2023.
             Mangled by an iron imp (11 damage)
             ... summoned by Eustachio
             ... on level 4 of the Dungeon.
             The game lasted 00:08:41 (2979 turns).

wingedge the Digger (Demigod Earth Elementalist)    Turns: 2979, Time: 00:08:42

Health: -7/40      AC:  3    Str:  9    XL:     5   Next: 70%
Magic:  0/12       EV: 12    Int: 21    God:
Gold:   32         SH:  0    Dex: 14    Spells: 6/10 levels left

rFire   . . .        p - staff of poison
rCold   + . .        (no shield)
rNeg    . . .        h - +1 robe
rPois   +            (no helmet)
rElec   .            (no cloak)
rCorr   .            (no gloves)
SInv    .            (no boots)
Will    .....        (no amulet)
Stlth   ++           x - ring of protection from cold
HPRegen 0.26/turn    (no ring)
MPRegen 0.13/turn

%: no passive effects
@: very slightly contaminated
A: high MP 1, forlorn, divine attributes
a: no special abilities


You were on level 4 of the Dungeon.
You visited 1 branch of the dungeon, and saw 4 of its levels.

You collected 126 gold pieces.
You spent 94 gold pieces at shops.

Inventory:

Hand Weapons
 a - the +4 dagger "Azumpo" {flame, rF- Will+ Str+8}
   (You found it on level 2 of the Dungeon)

   Str:       It affects your strength (+8).
   rF:        It makes you vulnerable to fire.
   Will:      It increases your willpower.
 b - a +0 war axe
 D - a +0 rapier
Missiles
 e - 11 boomerangs
 v - 2 curare-tipped darts
 C - 3 boomerangs of dispersal
Armour
 c - a +0 ring mail
 h - a +1 robe (worn)
Magical Staves
 p - a staff of poison (weapon)
Jewellery
 x - a ring of protection from cold (left hand)
Scrolls
 d - a scroll of acquirement {unknown}
 m - 6 scrolls of identify {unknown}
 q - a scroll of amnesia {unknown}
 r - a scroll of teleportation {unknown}
 s - 2 scrolls of fear {unknown}
 t - a scroll of poison {unknown}
 u - 2 scrolls of noise {unknown}
 y - a scroll of vulnerability {unknown}
 z - a scroll of torment {unknown}
 A - a scroll of silence {unknown}
 B - 2 scrolls of fog {unknown}
Potions
 g - a potion of heal wounds {unknown}
 i - a potion of flight {unknown}
 j - 4 potions of lignification {unknown}
 k - a potion of brilliance {unknown}
 l - a potion of attraction {unknown}
 n - a potion of invisibility {unknown}
 o - a potion of magic
 w - 2 potions of curing
 E - a potion of degeneration {unknown}


   Skills:
 - Level 1.0 Fighting
 - Level 2.0 Dodging
 + Level 3.3 Stealth
 - Level 3.0 Spellcasting
 + Level 2.3 Conjurations
 - Level 0.8 Transmutations
 + Level 3.7 Earth Magic


You had 6 spell levels left.
You knew the following spells:

 Your Spells              Type           Power      Damage    Failure   Level
a - Sandblast             Erth           36%        2d10      3%          1
b - Stone Arrow           Conj/Erth      30%        3d8       12%         3

Your spell library contained the following spells:

 Spells                   Type           Power      Damage    Failure   Level
 Magic Dart               Conj           52%        1d5       4%          1
 Passwall                 Tmut/Erth      10%        N/A       8%          2
 Searing Ray              Conj           26%        2d5       8%          2
 Necrotise                Necr           12%        1d4       13%         1
 Hailstorm                Conj/Ice       8%         3d4       24%         3
 Vampiric Draining        Necr           3%         2d6       36%         3
 Petrify                  Tmut/Erth      12%        N/A       45%         4
 Fulminant Prism          Conj/Hex       4%         3d5       63%         4
 Ice Form                 Ice/Tmut       4%         N/A       73%         4
 Agony                    Necr           3%         N/A       98%         5
 Simulacrum               Ice/Necr       1%         N/A       100%        6


Dungeon Overview and Level Annotations

Branches:
Dungeon (4/15)
 Temple: D:4-7

Shops:
D:1 *[!   D:3 (

Annotations:
D:3 1 runed translucent door, Kurtz's ghost, amateur TeFi
D:4 Eustachio


Innate Abilities, Weirdness & Mutations

You have an increased reservoir of magic. (+10% MP)
You shall have no god before yourself.
Your divine heritage dramatically boosts your attributes as you level up.


Message History

Aim: Eustachio, wielding a +6 rapier of speed and wearing a +0 leather armour (moderately wounded, 56% to hit)
The stone arrow misses Eustachio.
Eustachio gestures wildly while chanting.
Casting: Stone Arrow (dangerous; 12% risk of failure)
Confirm with . or Enter, or press ? or * to list all spells.
Aiming: Stone Arrow (dangerous; 12% risk of failure)
Press: ? - help, Shift-Dir - straight line, f/p - Eustachio
Aim: Eustachio, wielding a +6 rapier of speed and wearing a +0 leather armour (moderately wounded, 56% to hit)
You miscast Stone Arrow.
You are very lightly contaminated with residual magic.
Nothing appears to happen.
Eustachio hits you with a +6 rapier of speed! x2
* * * LOW HITPOINT WARNING * * *
The shadow imp hits you.
* * * LOW HITPOINT WARNING * * *
Casting: Stone Arrow (dangerous; 12% risk of failure)
Confirm with . or Enter, or press ? or * to list all spells.
Aiming: Stone Arrow (dangerous; 12% risk of failure)
Press: ? - help, Shift-Dir - straight line, f/p - Eustachio
Aim: Eustachio, wielding a +6 rapier of speed and wearing a +0 leather armour (moderately wounded, 56% to hit)
The stone arrow hits Eustachio!
Eustachio is severely wounded.
Eustachio hits you with a +6 rapier of speed!
* * * LOW HITPOINT WARNING * * *
Eustachio gestures wildly while chanting.
Eustachio blinks!
The shadow imp hits you but does no damage.
The crimson imp barely misses you.
Okay, then.
You feel better.
The crimson imp blinks!
The shadow imp barely misses you.
You feel better. The iron imp hits you!
* * * LOW HITPOINT WARNING * * *
The shadow imp hits you.
* * * LOW HITPOINT WARNING * * *
Okay, then.
As you read the scroll labelled WAHOTO MIENAPP, it crumbles to dust.
It is a scroll of enchant armour.
Your +0 robe glows green for a moment.
The crimson imp blinks!
The iron imp hits you!
You die...

... #########.. #.........
.##........ .......... .........#
###......##########
.#.........5......
######'##@...ยง@..
#.......#55.....#
#.......#..$....##########
#.......####+#####........
#................#........
########................#........
.#.....########......^..'.<......
.#.....#>.....'.........####+##+#
.####'##......#..................


You could see Eustachio, an iron imp (summoned), a crimson imp (summoned) and a
shadow imp (summoned).

Vanquished Creatures
  2 ogres (D:4)
  An orc priest (D:3)
  3 dart slugs
  8 orcs (D:3)
  8 ball pythons
  2 bats
  3 endoplasms
  5 hobgoblins
  6 jackals
  3 quokkas
  A frilled lizard (D:1)
  6 kobolds
  3 rats
51 creatures vanquished.

Notes
Turn   | Place    | Note
-------+----------+-------------------------------------------
     0 | D:1      | wingedge the Demigod Earth Elementalist began the quest for
                  | the Orb.
     0 | D:1      | Reached XP level 1. HP: 14/14 MP: 5/5
   372 | D:1      | Found Diups's Assorted Antiques.
   375 | D:1      | Bought a clear potion for 16 gold pieces
   386 | D:1      | Found Dyobor's Antique Armour Shoppe.
   402 | D:1      | Found Kejuluuq's Distillery.
   531 | D:1      | Reached XP level 2. HP: 20/20 MP: 5/7
   741 | D:2      | Identified the +4 dagger "Azumpo" {flame, rF- Will+ Str+8}
  1408 | D:3      | Found Fiyzil's Weapon Shop.
  1414 | D:3      | Bought 2 curare-tipped darts for 26 gold pieces
  1562 | D:3      | Reached XP level 3. HP: 26/27 MP: 4/8
  1603 | D:3      | Learned a level 3 spell: Stone Arrow
  1616 | D:3      | Reached skill level 1 in Fighting
  1767 | D:3      | Found a runed translucent door.
  1767 | D:3      | Noticed Kurtz's ghost (amateur TeFi)
  1824 | D:3      | Reached skill level 1 in Conjurations
  2376 | D:1      | Bought a potion of curing for 36 gold pieces
  2396 | D:1      | Bought an emerald potion for 16 gold pieces
  2502 | D:4      | Reached XP level 4. HP: 35/35 MP: 7/10
  2547 | D:4      | Noticed an ogre
  2554 | D:4      | Killed an ogre
  2555 | D:4      | Reached XP level 5. HP: 40/40 MP: 4/11
  2686 | D:4      | Noticed an ogre
  2688 | D:4      | Killed an ogre
  2969 | D:4      | Noticed Eustachio
  2976 | D:4      | HP: 2/40 [Eustachio/+6 rapier of speed (9)]
  2979 | D:4      | Mangled by an iron imp

Illustrated notes

Levels and vault maps discovered:
D:1:      lemuel_arrival_tunnels, layout_basic, serial_shops, shop, shop,
          nicolae_shop_behind_doors
D:2:      layout_rooms
D:3:      layout_basic, ebering_ghost_inner_flame, serial_shops, shop
D:4:      layout_gridville, kennysheep_mini_moat,
          minmay_temple_entry_junction_2, gammafunk_ghost_smash, st_stairs_6,
          uniq_eustachio

Skill      XL: |  1  2  3  4  5 |
---------------+----------------+-----
Spellcasting   | 2 3 |  3.0
Dodging        | 2 |  2.0
Stealth        | 2 3 |  3.3
Fighting       | 1 |  1.0
Conjurations   | 1 2 |  2.3
Earth Magic    | 3 |  3.7
Transmutations | |  0.8

Action                     |  1- 3 |  4- 6 || total
---------------------------+-------+-------++-------
  Melee: Dagger            |     4 |       ||     4
  Throw: Dart              |       |     1 ||     1
   Cast: Sandblast         |    52 |    18 ||    70
         Stone Arrow       |     3 |     7 ||    10
    Use: Potion            |       |     2 ||     2
         Scroll            |       |     1 ||     1
 Armour: Robe              |       |     1 ||     1
  Dodge: Dodged            |     7 |     5 ||    12
